 Dungeon Crawl Stone Soup version 0.18-a0-738-g888b110 (webtiles) character file.

392 Mindmaker the Ducker (level 6, -5/39 HPs)
             Began as a High Elf Hunter on Dec 11, 2015.
             Slain by an ogre
             ... wielding a cursed -2 giant spiked club
              (26 damage)
             ... on level 4 of the Dungeon.
             The game lasted 00:14:01 (3916 turns).

Mindmaker the Ducker (High Elf Hunter)              Turns: 3916, Time: 00:14:01

Health: -5/39      AC:  4    Str: 11    XL:     6   Next: 50%
Magic:  7/7        EV: 15    Int: 16    God:
Gold:   226        SH:  0    Dex: 17    Spells: 0 memorised, 5 levels left

rFire  . . .     SeeInvis .     a - +1 shortbow
rCold  . . .     Clarity  .     q - +0 leather armour
rNeg   . . .     SustAt   .     (shield currently unavailable)
rPois  .         Gourm    .     (no helmet)
rElec  .         Spirit   .     f - +0 cloak
rCorr  .         Dismiss  .     (no gloves)
rMut   .         Stasis   .     (no boots)
MR     .....                    (no amulet)
Stlth  ++........               (no ring)
                                (no ring)

@: not resistant to hostile enchantments, unstealthy
A: no striking features
a: no special abilities


You were on level 4 of the Dungeon.
You were not hungry.

You visited 1 branch of the dungeon, and saw 4 of its levels.

You collected 226 gold pieces.

Inventory:

Hand Weapons
 a - a +1 shortbow (weapon)
 b - a +0 falchion
Missiles
 d - 62 arrows (quivered)
Armour
 f - a +0 cloak (worn)
 q - a +0 leather armour (worn)
Jewellery
 o - an uncursed ring of flight
Scrolls
 c - a scroll of noise {unknown}
 g - a scroll of recharging {unknown}
 h - 2 scrolls of remove curse
 i - a scroll of enchant armour {unknown}
 k - a scroll of amnesia {unknown}
 l - a scroll of enchant weapon {unknown}
 m - 2 scrolls of identify {unknown}
 x - a scroll of blinking {unknown}
 y - a scroll of fog {unknown}
Potions
 j - 2 potions of might
 r - 2 potions of curing {unknown}
 t - a potion of lignification
 u - a potion of haste {unknown}
 v - a potion of magic {unknown}
Comestibles
 e - 3 bread rations
 n - 2 royal jellies
 p - 2 meat rations
 s - 3 fruits


   Skills:
 - Level 2.0 Fighting
   Level 4.0(4.5) Short Blades
 - Level 2.9(4.0) Long Blades
 - Level 5.3 Bows
 + Level 5.9 Dodging
 - Level 1.1 Stealth


You had 5 spell levels left.
You didn't know any spells.

Dungeon Overview and Level Annotations

Branches:
Dungeon (4/15)
 Temple: D:4-7

Altars:
Ashenzari
Gozag

Shops:
D:4 [


Message History

The ogre is heavily wounded.
The ogre barely misses you.
Firing (i - inventory):
d - 65 arrows (quivered)
Press: ? - help, Shift-Dir - straight line, f/p - ogre
Aim: an ogre, wielding a giant spiked club (heavily wounded)
You shoot an arrow. The arrow hits the ogre.
The ogre is severely wounded.
The ogre barely misses you.
Firing (i - inventory):
d - 64 arrows (quivered)
Press: ? - help, Shift-Dir - straight line, f/p - ogre
Aim: an ogre, wielding a giant spiked club (severely wounded)
You shoot an arrow. The arrow hits the ogre.
The ogre is severely wounded.
Firing (i - inventory):
d - 63 arrows (quivered)
Press: ? - help, Shift-Dir - straight line, f/p - ogre
Aim: an ogre, wielding a giant spiked club (severely wounded)
You shoot an arrow. The arrow completely misses the ogre.
The ogre hits you with a giant spiked club!!
Ouch! That really hurt!
You die...

#####.#####.#
#.# #.#
#.########.###.#
#.#
#.............>#
..#
########...#####
### #.### #.#
#.# (########.#
((.((.O@..#
.##########


You could see an ogre.

Vanquished Creatures
  Menkaure (D:4)
  A hound (D:4)
  3 worker ants (D:4)
  A hound zombie (D:4)
  4 gnolls (D:4)
  4 adders
  An ooze (D:2)
  2 adder skeletons (D:4)
  3 worms (D:2)
  A ball python (D:2)
  3 giant cockroaches
  6 goblins
  8 hobgoblins
  4 jackals (D:2)
  6 kobolds
  2 quokkas
  8 bats
  A giant cockroach zombie (D:4)
  A giant gecko (D:2)
  4 giant newts
  7 rats
71 creatures vanquished.

Notes
Turn   | Place    | Note
--------------------------------------------------------------
     0 | D:1      | Mindmaker the High Elf Hunter began the quest for the Orb.
     0 | D:1      | Reached XP level 1. HP: 14/14 MP: 2/2
   145 | D:1      | Reached skill level 1 in Short Blades
   266 | D:1      | Found a shattered altar of Ashenzari.
   307 | D:1      | Reached XP level 2. HP: 13/19 MP: 3/3
   854 | D:2      | Reached XP level 3. HP: 24/24 MP: 4/4
  1053 | D:2      | Found an opulent altar of Gozag.
  1291 | D:2      | Reached skill level 1 in Long Blades
  1584 | D:2      | Reached XP level 4. HP: 29/29 MP: 5/5
  2162 | D:3      | Found a faded altar to an unknown god.
  3057 | D:4      | Noticed Menkaure
  3069 | D:4      | Killed Menkaure
  3069 | D:4      | Reached XP level 5. HP: 12/34 MP: 6/6
  3286 | D:4      | Found Beniun's Armour Shoppe.
  3306 | D:4      | HP: 2/51 [poisoned by a worker ant]
  3309 | D:4      | Reached skill level 5 in Dodging
  3309 | D:4      | Reached XP level 6. HP: 31/39 MP: 7/7
  3916 | D:4      | Slain by an ogre

Vault maps used:
D:1:      dpeg_arrival_rooms_c, grunt_decor_fettered, st_stairs_1,
          evilmike_ruin_ashenzari
D:2:      nicolae_gozag_cash_rules_everything_around_me, first_bread
D:3:      ecumenical_altar_1
D:4:      kennysheep_mini_moat, nicolae_qazlal_style_of_elements, serial_shops,
          nicolae_shop_crystal, serial_undead, serial_undead_a, serial_undead_c,
          serial_undead_c, serial_undead_d, st_stairs_8,
          minmay_misc_feat_columns, sigmund_edmund_badplayer, uniq_menkaure

Action                   |  1- 3 |  4- 6 || total
-------------------------+-------+-------++-------
Melee: Short sword       |   101 |     4 ||   105
       Falchion          |    11 |    69 ||    80
 Fire: Shortbow          |    31 |    69 ||   100
  Use: Scroll            |       |     2 ||     2
       Potion            |       |     4 ||     4
 Stab: Sleeping          |     1 |     2 ||     3
       Distracted        |     1 |       ||     1
  Eat: Chunk             |     2 |     7 ||     9
